 Dungeon Sprint DCSS version 0.17-a0-2127-g1cb09f6 (webtiles) character file.

387 kosy22 the Grappler (level 6, -9/67 HPs)
             Began as a Troll Monk on Oct 23, 2015.
             Was the Champion of Jiyva.
             Mangled by a cyan ugly thing (17 damage)
             ... in the Dungeon (Sprint IX: "|||||||||||||||||||||||||||||").
             The game lasted 00:04:04 (288 turns).

kosy22 the Grappler (Troll Monk)                     Turns: 288, Time: 00:04:05

Health: -9/67      AC:  7    Str: 22    XL:     6   Next: 49%
Magic:  5/5        EV: 13    Int: 11    God:    Jiyva [******]
Gold:   0          SH:  0    Dex: 12    Spells: 0 memorised, 5 levels left

rFire  . . .     SeeInvis .     m - +2 halberd (venom)
rCold  . . .     Clarity  .     a - +0 robe
rNeg   . . .     SustAt   .     (no shield)
rPois  .         Gourm    +     (helmet restricted)
rElec  .         Spirit   .     (no cloak)
rCorr  +         Warding  .     (gloves unavailable)
rMut   .         NoTele   +     (boots unavailable)
MR     .....                    (no amulet)
Stlth  ++........               o - +3 ring of intelligence
                                n - +2 ring of protection

@: not resistant to hostile enchantments, unstealthy
A: unfitting armour, antennae 1, claws 3, clever 1, fast metabolism 3, gourmand,
regeneration 2, shaggy fur 1, spit poison 1, tough skin 2, acidic bite, jelly
absorbing missiles
a: Spit Poison, Request Jelly, Jelly Paralyse, Slimify, Cure Bad Mutation,
Renounce Religion


You were in the Dungeon.
You worshipped Jiyva.
Jiyva was exalted by your worship.
You were not hungry.

You visited 1 branch

Inventory:

Hand Weapons
 m - a +2 halberd of venom (weapon)
Armour
 a - a +0 robe (worn)
Jewellery
 n - a +2 ring of protection (left claw)
 o - a +3 ring of intelligence (right claw)
Wands
 l - a wand of draining (7)
Scrolls
 h - a scroll of blinking
 j - 3 scrolls of remove curse
 k - 2 scrolls of amnesia
Potions
 c - 2 potions of curing
 d - 3 potions of heal wounds
 e - a potion of haste
 f - 3 potions of magic
 g - a potion of berserk rage
 i - a potion of invisibility
Comestibles
 b - 2 bread rations


   Skills:
 + Level 5.8 Fighting
 + Level 1.8 Polearms
 + Level 7.2 Dodging
 + Level 2.5 Stealth
 + Level 9.5 Unarmed Combat


You had 5 spell levels left.
You didn't know any spells.

Dungeon Overview and Level Annotations

Branches:
Dungeon (1/1)

Altars:
Cheibriados
Dithmenos
Elyvilon
Fedhas
Gozag
Kikubaaqudgha
Makhleb
Nemelex Xobeh
Okawaru
Qazlal
Ru
Sif Muna
Trog
Vehumet
Xom
Yredelemnul
Zin
The Shining One
Beogh
Jiyva
Lugonu


Innate Abilities, Weirdness & Mutations

You are too large for most types of armour.
You have claws for hands.
Your metabolism is lightning-fast.
You like to eat raw meat.
You heal very quickly.
You are covered in fur (AC +1).
You have very tough skin (AC +2).
You have a pair of small antennae on your head.
Your mind is acute. (Int +2)
You can spit weak poison.
You have acidic saliva.
You have a small jelly attached to you that may absorb incoming projectiles.


Message History

You closely miss the cyan ugly thing.
The cyan ugly thing is moderately wounded.
The phantom blinks!
The cyan ugly thing bites you but does no damage. x2
You hit the cyan ugly thing but do no damage.
You bite the cyan ugly thing.
The cyan ugly thing is splashed with acid.
The acid corrodes the cyan ugly thing!
The cyan ugly thing is moderately wounded.
The phantom misses you. The cyan ugly thing bites you!
The cyan ugly thing shocks you!
* * * LOW HITPOINT WARNING * * *
You shudder from the blow and a jelly pops out!
You slash the phantom!
You destroy the phantom!
Your Dodging skill increases to level 7!
The cyan ugly thing bites you!
* * * LOW HITPOINT WARNING * * *
The cyan ugly thing shocks you!
You die... ▓▓▓▓▓▓▓▓▓▓▓▓▓▓▓▓▓▓▓▓▓▓▓▓▓▓ _'.........'..J.@uo......+ ▓▓▓▓▓▓▓▓▓▓▓▓▓▓▓▓▓▓▓▓▓▓▓▓▓▓

You could see a cyan ugly thing, an orc and a friendly death ooze.

Vanquished Creatures
  An ice beast (D)
  2 phantoms (D)
  A scorpion (D)
  A killer bee (D)
  A worker ant (D)
  An orc (D)
  A bat (D)
  2 bat zombies (D)
  2 hobgoblins (D)
  A giant cockroach (D)
  A giant gecko skeleton (D)
  A kobold (D)
  A rat (D)
16 creatures vanquished.

Vanquished Creatures (others)
  A slime creature (D)
  4 jellies (D)
  An ice beast (D)
  2 oozes (D)
8 creatures vanquished.

Grand Total: 24 creatures vanquished

Notes
Turn   | Place    | Note
--------------------------------------------------------------
     0 | D        | kosy22 the Troll Monk began the quest for the Orb.
     0 | D        | Reached XP level 1. HP: 22/22 MP: 0/0
    20 | D        | Noticed a scorpion
    20 | D        | Noticed an ice beast
    28 | D        | Killed a scorpion
    28 | D        | Reached skill level 6 in Unarmed Combat
    28 | D        | Reached XP level 2. HP: 30/32 MP: 1/1
    28 | D        | Reached XP level 3. HP: 36/39 MP: 2/2
    38 | D        | Killed an ice beast
    38 | D        | Reached skill level 8 in Unarmed Combat
    38 | D        | Reached XP level 4. HP: 35/49 MP: 3/3
    38 | D        | Reached XP level 5. HP: 39/55 MP: 4/4
    68 | D        | Found a glowing silver altar of Zin.
    68 | D        | Found a glowing golden altar of the Shining One.
    68 | D        | Found an ancient bone altar of Kikubaaqudgha.
    68 | D        | Found a basalt altar of Yredelemnul.
    68 | D        | Found a shimmering altar of Xom.
    68 | D        | Found a radiant altar of Vehumet.
    69 | D        | Found an iron altar of Okawaru.
    70 | D        | Found a burning altar of Makhleb.
    71 | D        | Found a deep blue altar of Sif Muna.
    72 | D        | Found a bloodstained altar of Trog.
    73 | D        | Found a sparkling altar of Nemelex Xobeh.
    74 | D        | Found a white marble altar of Elyvilon.
    75 | D        | Found a roughly hewn altar of Beogh.
    76 | D        | Found a viscous altar of Jiyva.
    77 | D        | Found a corrupted altar of Lugonu.
    78 | D        | Found a blossoming altar of Fedhas.
    79 | D        | Found a snail-covered altar of Cheibriados.
    80 | D        | Found a shadowy altar of Dithmenos.
    81 | D        | Found a stormy altar of Qazlal.
    82 | D        | Found an opulent altar of Gozag.
    83 | D        | Found a sacrificial altar of Ru.
    84 | D        | Became a worshipper of Jiyva Jeeselop the Shapeless
    84 | D        | Reached * piety under Jiyva
    84 | D        | Reached ** piety under Jiyva
   108 | D        | Reached *** piety under Jiyva
   108 | D        | Gained mutation: You have a pair of small antennae on your head. [Jiyva's grace]
   108 | D        | Reached **** piety under Jiyva
   108 | D        | Gained mutation: You can spit weak poison. [Jiyva's grace]
   108 | D        | Reached ***** piety under Jiyva
   108 | D        | Gained mutation: You are weak. (Str -2) [Jiyva's grace]
   108 | D        | Reached ****** piety under Jiyva
   117 | D        | Lost mutation: You are weak. (Str -2) [Jiyva's grace]
   125 | D        | Noticed a worker ant
   125 | D        | Noticed a killer bee
   125 | D        | Noticed an ice beast
   125 | D        | Noticed a scorpion
   125 | D        | Noticed a phantom
   130 | D        | Killed a worker ant
   130 | D        | Reached skill level 5 in Dodging
   141 | D        | Slimified a killer bee
   141 | D        | a killer bee changed into an ooze
   142 | D        | HP: 2/55 [poisoned by a killer bee]
   146 | D        | Killed an ice beast
   161 | D        | Slimified a scorpion
   161 | D        | a scorpion changed into an ooze
   166 | D        | Gained mutation: You have acidic saliva. [Jiyva's grace]
   166 | D        | Gained mutation: Your spells are a little harder to cast, but a little more powerful. [Jiyva's grace]
   177 | D        | Killed a phantom
   177 | D        | Reached skill level 5 in Fighting
   177 | D        | Reached skill level 9 in Unarmed Combat
   189 | D        | Gained mutation: You have a small jelly attached to you that may absorb incoming projectiles. [Jiyva's grace]
   195 | D        | Gained mutation: Your mind is acute. (Int +2) [Jiyva's grace]
   259 | D        | Noticed a killer bee
   259 | D        | Noticed a tengu conjurer
   259 | D        | Noticed a cyan ugly thing
   259 | D        | Noticed a phantom
   264 | D        | Killed a killer bee
   264 | D        | Reached skill level 1 in Polearms
   264 | D        | Reached XP level 6. HP: 59/66 MP: 5/5
   279 | D        | Slimified a tengu conjurer
   279 | D        | Noticed a slime creature
   279 | D        | a tengu conjurer changed into a slime creature
   279 | D        | Lost mutation: Your spells are a little harder to cast, but a little more powerful. [Jiyva's grace]
   282 | D        | Killed a slime creature
   288 | D        | Killed a phantom
   288 | D        | Mangled by a cyan ugly thing

Vault maps used:
D:        linesprint

Action                   |  1- 3 |  4- 6 || total
-------------------------+-------+-------++-------
Melee: Unarmed           |    24 |     3 ||    27
       Halberd           |       |    47 ||    47
Invok: Slimify           |       |     4 ||     4
 Abil: Spit Poison       |       |     1 ||     1
  Use: Potion            |       |     4 ||     4
       Scroll            |       |     1 ||     1
 Stab: Sleeping          |     1 |       ||     1
       Distracted        |       |     1 ||     1
